 Dungeon Crawl Stone Soup version 0.20.1-1-g8b1a95d (webtiles) character file.

5323 Zedayar the Grappler (level 10, -4/100 HPs)
             Began as a Troll Berserker on Oct 24, 2017.
             Was an Elder of Trog.
             Slain by a killer bee (9 damage)
             ... on level 8 of the Dungeon.
             The game lasted 00:16:38 (5745 turns).

Zedayar the Grappler (Troll Berserker)              Turns: 5745, Time: 00:16:39

Health: -4/100     AC:  8    Str: 36    XL:     10   Next: 38%
Magic:  9/9        EV: 10    Int:  3    God:    Trog [****..]
Gold:   476        SH:  0    Dex:  4    Spells: 9/9 levels left

rFire    + + +     SeeInvis .     - Unarmed
rCold    + . .     Gourm    +   (no shield)
rNeg     . . .     Faith    .   v - +1 robe {rF+}
rPois    .         Spirit   .   (helmet restricted)
rElec    .         Reflect  .   u - +1 cloak
rCorr    .         Harm     .   (gloves unavailable)
MR       +++..                  (boots unavailable)
Stlth    +.........             (no amulet)
Regen    1.7/turn               I - ring "Nier Rye" {rF++ MR+ Str+6 Dex-5}
MPRegen  0.2/turn               o - +2 ring of slaying

@: lethally poisoned (-4 -> -5), regenerating
A: unfitting armour, antennae 1, claws 3, blink, cold resistance 1, fast
metabolism 3, gourmand, regeneration 1, shaggy fur 1, tough skin 2
a: Blink, Berserk, Trog's Hand, Brothers in Arms, Burn Spellbooks, Renounce
Religion


You were on level 8 of the Dungeon.
You worshipped Trog.
Trog was greatly pleased with you.
You were full.

You visited 1 branch of the dungeon, and saw 8 of its levels.
You also visited: Bailey.

You collected 476 gold pieces.

Inventory:

Missiles
 D - 105 arrows
Armour
 a - a +1 animal skin
 u - a +1 cloak (worn)
 v - a +1 robe of fire resistance (worn)
Jewellery
 g - an uncursed ring of protection from fire
 o - a +2 ring of slaying (right claw)
 q - an uncursed ring of ice
 r - an uncursed ring of protection from fire
 A - an uncursed ring of poison resistance
 B - an uncursed ring of protection from cold
 E - an uncursed ring of positive energy
 H - a cursed ring of poison resistance
 I - the ring "Nier Rye" (left claw) {rF++ MR+ Str+6 Dex-5}
   (You found it on level 7 of the Dungeon)

   [ring of protection from magic]

   It affects your strength (+6).
   It affects your dexterity (-5).
   It greatly protects you from fire.
   It affects your resistance to hostile enchantments.
 K - an uncursed ring of magical power {unknown}
Wands
 y - a wand of flame (34/48)
 C - a wand of enslavement (5/24)
 J - a wand of lightning (1/15)
Scrolls
 f - 4 scrolls of recharging
 h - 3 scrolls of teleportation
 i - 3 scrolls of identify
 j - 2 scrolls of fear
 p - 2 scrolls of magic mapping
 F - a scroll of enchant armour
 G - 2 scrolls of remove curse
Potions
 c - a potion of berserk rage {unknown}
 d - 2 potions of mutation
 e - a potion of flight {unknown}
 k - a potion of haste {unknown}
 l - 3 potions of lignification {unknown}
 m - a potion of curing {unknown}
 s - 3 potions of heal wounds {unknown}
 x - a potion of agility {unknown}
 z - 2 potions of degeneration {unknown}
Comestibles
 b - 10 bread rations
 n - 4 fruits
 t - 6 meat rations
 w - 2 royal jellies


   Skills:
 * Level 6.3 Fighting
 - Level 4.6 Dodging
 - Level 0.5 Stealth
 + Level 12.8 Unarmed Combat


You had 9 spell levels left.
You didn't know any spells.

Dungeon Overview and Level Annotations

Branches:
Dungeon (8/15)             Temple (0/1) D:5
   Lair: D:8-11

Altars:

Shops:
D:8 (


Innate Abilities, Weirdness & Mutations

You are too large for most types of armour.
You have claws for hands.
Your metabolism is lightning-fast.
You like to eat raw meat.
Your natural rate of healing is unusually fast.
You are covered in fur. (AC +1)
You have very tough skin. (AC +2)
You have a pair of small antennae on your head.
You can translocate small distances at will.
Your flesh is cold resistant. (rC+)


Message History

The killer bee stings you but does no damage.
You feel sick.
The killer bee stings you but does no damage.
You feel sick. The killer bee closely misses you.
You feel sick. The killer bee closely misses you.
You feel sick. The killer bee barely misses you.
You feel sick.
The killer bee stings you but does no damage.
You feel sick. The killer bee stings you.
* * * LOW HITPOINT WARNING * * *
You feel sick. The killer bee barely misses you.
Your skin crawls.
You feel resistant to hostile enchantments.
You feel somewhat less full.
You feel sick. The killer bee closely misses you. x2
You feel sick. The killer bee stings you.
* * * LOW HITPOINT WARNING * * *
You are more poisoned.
The killer bee poisons you!
You feel sick. The killer bee stings you!
You die...

..# #.# # ... #g# # #.# #.#
###### #.#### #.# #(.... >....###
#.# #.#### .......###g## #.##..
..##.#.##...## #.##.#
..##.#.#....g########### #.##.#
.###.#.##...g.yy@......# #.##.#
†# #.........#########.# #.....
.# ###.###.### #.# ##.#.# .## #.#
#.# #.# #.#.. ..####.###'## #.#
#[### .<..^..##...## #.# #....
.....###.....## ######.# #####
..##.##.......###......# #..
...#.#...(.....##.#....########.#


You could see 2 killer bees and 2 gnolls.

Vanquished Creatures
  Erica (D:8)
  5 deep elf magi
  Joseph (D:7)
  Sigmund (D:2)
  A spriggan (D:8)
  Menkaure (D:6)
  A phantom (D:4)
  4 ogres
  3 centaurs
  2 bullfrogs (D:6)
  A big kobold (D:8)
  4 scorpions
  3 killer bees (D:8)
  2 crimson imps
  3 hounds
  A jelly (D:8)
  An orc priest (D:5)
  4 orc wizards
  A bullfrog skeleton (D:5)
  A centaur skeleton (D:5)
  2 iguanas
  3 worker ants
  6 gnolls
  9 adders
  A shadow imp (D:5)
  An ooze (D:3)
  3 worms
  15 dart slugs
  6 leopard geckos
  19 orcs
  4 bats
  6 giant cockroaches
  7 goblins
  3 hobgoblins
  10 jackals
  10 kobolds
  3 quokkas
  6 frilled lizards
  A jackal skeleton (D:4)
  4 rats
  A butterfly (D:5)
161 creatures vanquished.

Notes
Turn   | Place    | Note
-------+----------+-------------------------------------------
     0 | D:1      | Zedayar the Troll Berserker began the quest for the Orb.
     0 | D:1      | Reached XP level 1. HP: 22/22 MP: 0/0
   405 | D:1      | Reached XP level 2. HP: 29/29 MP: 1/1
   753 | D:2      | Reached XP level 3. HP: 35/36 MP: 2/2
  1105 | D:2      | Noticed Sigmund
  1115 | D:2      | Killed Sigmund
  1115 | D:2      | Reached ** piety under Trog
  1115 | D:2      | Reached skill level 5 in Unarmed Combat
  1115 | D:2      | Reached XP level 4. HP: 32/45 MP: 3/3
  1115 | D:2      | Reached XP level 5. HP: 38/53 MP: 4/4
  1473 | D:3      | Found a transporter.
  1497 | D:3      | Found a transporter.
  1708 | D:3      | Reached XP level 6. HP: 61/61 MP: 5/5
  2353 | D:4      | Reached *** piety under Trog
  2380 | D:4      | Reached skill level 6 in Unarmed Combat
  2436 | D:4      | Reached XP level 7. HP: 22/67 MP: 6/6
  2827 | D:5      | Entered Level 5 of the Dungeon
  3165 | D:5      | Reached skill level 7 in Unarmed Combat
  3644 | D:5      | Found a staircase to the Ecumenical Temple.
  3843 | D:6      | Reached XP level 8. HP: 67/78 MP: 7/7
  3915 | D:6      | Reached skill level 8 in Unarmed Combat
  3921 | D:6      | Reached **** piety under Trog
  3954 | D:6      | Noticed Menkaure
  4018 | D:6      | Killed Menkaure
  4200 | D:6      | Reached skill level 9 in Unarmed Combat
  4362 | D:6      | Gained mutation: Your flesh is cold resistant. (rC+) [potion of mutation]
  4362 | D:6      | Gained mutation: You can translocate small distances at will. [potion of mutation]
  4362 | D:6      | Gained mutation: You have a pair of small antennae on your head. [potion of mutation]
  4733 | D:7      | Noticed Joseph
  4749 | D:7      | Killed Joseph
  4749 | D:7      | Reached skill level 10 in Unarmed Combat
  4749 | D:7      | Reached XP level 9. HP: 32/87 MP: 8/8
  4755 | D:7      | Found a flagged portal.
  4775 | D:7      | Got a wavering pewter ring
  4798 | D:7      | Identified the ring "Nier Rye" {rF++ MR+ Str+6 Dex-5} (You found it on level 7 of the Dungeon)
  4812 | Bailey   | Entered a bailey
  4819 | Bailey   | Noticed a deep elf mage
  4830 | Bailey   | Killed a deep elf mage
  4830 | Bailey   | Reached skill level 5 in Fighting
  4842 | Bailey   | Noticed a deep elf mage
  4843 | Bailey   | Noticed a deep elf mage
  4843 | Bailey   | Noticed a deep elf mage
  4843 | Bailey   | Noticed a deep elf mage
  4843 | Bailey   | Noticed a deep elf mage
  4843 | Bailey   | Noticed a deep elf mage
  4851 | Bailey   | Noticed a jumping spider
  4853 | Bailey   | Killed a deep elf mage
  4853 | Bailey   | Reached skill level 11 in Unarmed Combat
  4859 | Bailey   | Killed a deep elf mage
  4862 | Bailey   | Killed a deep elf mage
  4872 | D:7      | Killed a deep elf mage
  4872 | D:7      | Reached skill level 12 in Unarmed Combat
  4872 | D:7      | Reached XP level 10. HP: 19/98 MP: 9/9
  5227 | D:8      | Noticed Erica
  5241 | D:8      | Killed Erica
  5327 | D:8      | Found Pasid's Antique Weapon Shop.
  5744 | D:8      | HP: 5/100 [killer bee (4)]
  5745 | D:8      | Slain by a killer bee

Skill      XL: |  1  2  3  4  5  6  7  8  9 |
---------------+----------------------------+-----
Fighting       | 3 4 6 |  6.3
Dodging        | 3 4 |  4.6
Unarmed Combat | 5 6 7 10 12 | 12.8
Stealth        | |  0.5

Action                   |  1- 3 |  4- 6 |  7- 9 | 10-12 || total
-------------------------+-------+-------+-------+-------++-------
Melee: Unarmed           |    75 |    93 |   193 |   107 ||   468
       Punch             |       |       |     5 |     2 ||     7
Invok: Berserk           |       |       |     3 |       ||     3
       Trog's Hand       |       |       |     3 |     1 ||     4
  Use: Scroll            |       |     7 |     2 |       ||     9
       Potion            |       |       |     1 |       ||     1
 Stab: Sleeping          |     1 |       |       |       ||     1
  Eat: Chunk             |    11 |     5 |    20 |    13 ||    49
       Bread ration      |     1 |       |     1 |       ||     2
Armor: Animal skin       |    28 |     1 |       |       ||    29
       Robe              |       |    52 |    68 |    32 ||   152
Dodge: Dodged            |    34 |    83 |   120 |    51 ||   288
